 Dungeon Crawl Stone Soup version 0.31-b1-22-gc680215f68 (webtiles) character file.

Game seed: 14487065590868276601

19 Arctor the Vexing (level 2, 0/16 HPs)
             Began as a Kobold Hexslinger on Jan 19, 2024.
             Was a Follower of Elyvilon.
             Succumbed to a goblin's poison
             ... on level 1 of the Dungeon.
             The game lasted 00:00:26 (662 turns).

Arctor the Vexing (Kobold Hexslinger)                Turns: 662, Time: 00:00:27

Health: 0/16       AC:  2    Str:  5    XL:     2   Next: 95%
Magic:  4/4        EV: 15    Int: 14    God:    Elyvilon [*.....]
Gold:   78         SH:  0    Dex: 17    Spells: 3/3 levels left

rFire   . . .        a - +1 sling
rCold   . . .        (no shield)
rNeg    . . .        c - +0 robe
rPois   .            (no helmet)
rElec   .            (no cloak)
rCorr   .            (no gloves)
SInv    .            (no boots)
Will    +....        (no amulet)
Stlth   +++          (no ring)
HPRegen 0.22/turn    (no ring)
MPRegen 0.09/turn

%: no passive effects
@: lethally poisoned (0 -> -10), enlightened, flying
A: small, no large weapons, nightstalker 3
a: Renounce Religion, Purification


You were on level 1 of the Dungeon.
You worshipped Elyvilon.
Elyvilon was aware of your devotion.
You visited 1 branch of the dungeon, and saw 1 of its levels.

You collected 78 gold pieces.

Inventory:

Hand Weapons
 a - a +1 sling (weapon)
Armour
 c - a +0 robe (worn)
Jewellery
 g - a ring of fire
 i - a +4 ring of protection
Scrolls
 b - a scroll of poison
 e - a scroll of identify {unknown}
 h - 2 scrolls of enchant weapon {unknown}
Potions
 f - a potion of mutation {unknown}
 j - a potion of might {unknown}


   Skills:
 + Level 1.4 Fighting
 + Level 3.0 Ranged Weapons
 + Level 2.9 Dodging
 + Level 1.4 Spellcasting
 + Level 3.1 Hexes
 + Level 1.2 Fire Magic


You had 3 spell levels left.
You didn't know any spells.
Your spell library contained the following spells:

 Spells                   Type           Power      Damage    Failure   Level
 Jinxbite                 Hex            18%        N/A       11%         2
 Sigil of Binding         Hex            9%         N/A       21%         3
 Inner Flame              Hex/Fire       7%         N/A       30%         3
 Cause Fear               Hex            4%         N/A       56%         4
 Dimensional Bullseye     Hex/Tloc       2%         N/A       78%         4


Dungeon Overview and Level Annotations

Branches:
Dungeon (1/15)

Altars:
Elyvilon


Innate Abilities, Weirdness & Mutations

You are small and have problems with some larger weapons.
You are completely attuned to the shadows.


Message History

Found a stone staircase leading down.
A goblin is nearby!
You shoot a sling bullet.
The sling bullet hits the goblin but does no damage.
The goblin shouts!
You hear a shout!
A goblin comes into view. It is wielding a +0 dagger of venom.
There are monsters nearby!
There are monsters nearby!
You shoot a sling bullet.
The sling bullet completely misses the goblin.
You shoot a sling bullet.
The sling bullet closely misses the goblin.
The goblin hits you with a +0 dagger.
You shoot a sling bullet. The sling bullet hits the goblin.
The goblin is heavily wounded.
The goblin hits you with a +0 dagger of venom.
The goblin hits you with a +0 dagger.
You shoot a sling bullet.
The sling bullet closely misses the goblin.
The goblin hits you with a +0 dagger of venom.
You are lethally poisoned!
The goblin completely misses you. The goblin barely misses you.
The goblin misses you.
You shoot a sling bullet.
The sling bullet closely misses the goblin.
You feel very sick.
The goblin hits you with a +0 dagger of venom.
You are more poisoned.
The goblin hits you with a +0 dagger.
* * * LOW HITPOINT WARNING * * *
* * * LOW HITPOINT WARNING * * *
You feel very sick.
You shoot a sling bullet. The sling bullet hits the goblin.
You kill the goblin!
Elyvilon protects you from harm!
Your Ranged Weapons skill increases to level 3!
It was a potion of enlightenment.
You feel very buoyant.
You fly up into the air.
You die...

#........# #####
#........#
#8..###........#
.....#.........#
#8.............#
####.....#.#####
####.....#....#
##.......####.########
#8.#####........@g...>
....##...#..#.####.##.
#8.......#..#.# .#
.....#.#....#.# .#
######....#...# .#
###..##### #..# #..#
#..#


You could see a goblin.

Vanquished Creatures
  A dart slug (D:1)
  4 goblins (D:1)
  2 hobgoblins (D:1)
  3 quokkas (D:1)
  A ball python (D:1)
  A bat (D:1)
  A frilled lizard (D:1)
  2 kobolds (D:1)
  A rat (D:1)
16 creatures vanquished.

Notes
Turn   | Place    | Note
-------+----------+-------------------------------------------
     0 | D:1      | Arctor the Kobold Hexslinger began the quest for the Orb.
     0 | D:1      | Reached XP level 1. HP: 12/12 MP: 2/2
   155 | D:1      | Reached XP level 2. HP: 16/16 MP: 3/3
   170 | D:1      | Found a faded altar of an unknown god.
   405 | D:1      | Prayed at the altar of an unknown god.
   405 | D:1      | Became a worshipper of Elyvilon the Healer
   405 | D:1      | Reached * piety under Elyvilon
   661 | D:1      | Elyvilon protects you from harm!
   662 | D:1      | Succumbed to a goblin's poison

Illustrated notes

Levels and vault maps discovered:
D:1:      psy_arrival_basics, layout_basic,
          hellmonk_ecumenical_altar_heavens_door

Skill      XL: |  1  2 |
---------------+-------+-----
Ranged Weapons | 3 |  3.0
Fighting       | |  1.4
Dodging        | |  2.9
Spellcasting   | |  1.4
Hexes          | |  3.1
Fire Magic     | |  1.2

Action                     || total
---------------------------++-------
   Fire: Sling             ||    37
    Use: Potion            ||     1
 Armour: Robe              ||    12
  Dodge: Dodged            ||     9
